 Dungeon Crawl Stone Soup version 0.20.0-15-g7f486f2 (webtiles) character file.

52 greprep the Covered (level 3, -12/33 HPs)
             Began as a Minotaur Fighter on June 9, 2017.
             Killed by divine providence
             ... invoked by an orc priest
              (15 damage)
             ... on level 3 of the Dungeon.
             The game lasted 00:02:13 (1631 turns).

greprep the Covered (Minotaur Fighter)              Turns: 1631, Time: 00:02:14

Health: -12/33     AC:  7    Str: 26    XL:     3   Next: 60%
Magic:  2/2        EV:  8    Int:  5    God:
Gold:   96         SH: 10    Dex:  9    Spells: 2/2 levels left

rFire    . . .     SeeInvis .   a - +0 long sword
rCold    . . .     Gourm    +   c - +0 shield
rNeg     + . .     Faith    .   b - +0 scale mail
rPois    .         Spirit   .   (helmet restricted)
rElec    .         Reflect  .   (no cloak)
rCorr    .         Harm     .   (no gloves)
MR       .....                  (no boots)
Stlth    ..........             m - amulet of the gourmand
Regen    0.2/turn               r - ring of positive energy
MPRegen  0.1/turn               (no ring)

@: mighty
A: retaliatory headbutt, horns 2
a: no special abilities


You were on level 3 of the Dungeon.
You were not hungry.

You visited 1 branch of the dungeon, and saw 3 of its levels.

You collected 96 gold pieces.

Inventory:

Hand Weapons
 a - a +0 long sword (weapon)
Armour
 b - a +0 scale mail (worn)
 c - a +0 shield (worn)
Jewellery
 m - an amulet of the gourmand (around neck)
 r - a ring of positive energy (left hand)
Scrolls
 e - 5 scrolls of teleportation {unknown}
 g - a scroll of remove curse {unknown}
 j - a scroll of amnesia {unknown}
 k - a scroll of enchant armour {unknown}
 p - a scroll of identify {unknown}
 q - a scroll of enchant weapon {unknown}
 s - 2 scrolls of magic mapping {unknown}
Potions
 h - a potion of lignification {unknown}
 i - 3 potions of mutation {unknown}
 l - 3 potions of curing {unknown}
 n - a potion of resistance {unknown}
Comestibles
 f - 4 bread rations
 o - 2 meat rations


   Skills:
 + Level 3.9 Fighting
 * Level 3.4 Long Blades
 + Level 4.1 Armour
 + Level 0.7 Dodging
 + Level 4.1 Shields


You had 2 spell levels left.
You didn't know any spells.

Dungeon Overview and Level Annotations

Branches:
Dungeon (3/15)

Altars:
Makhleb


Innate Abilities, Weirdness & Mutations

You reflexively headbutt those who attack you in melee.
You have a pair of horns on your head.


Message History

You hit the orc priest.
The orc priest is moderately wounded.
The orc hits you but does no damage. The orc priest barely misses you.
The gnoll hits you with a whip. The hobgoblin barely misses you.
You block the orc's attack. You block the gnoll's attack.
The gnoll hits you but does no damage.
Unknown command.
The orc priest mumbles some strange prayers to Beogh against you.
Beogh smites you!
* * * LOW HITPOINT WARNING * * *
You hear a shout!
You feel very mighty all of a sudden. You block the gnoll's attack.
Your shield prevents you from hitting the gnoll.
You block the hobgoblin's attack. You block the gnoll's attack.
You slash the gnoll! Your headbutt misses the gnoll.
The gnoll is severely wounded.
The orc priest invokes the aid of Beogh against you.
Beogh smites you!
You die...

.. .. .# #. .
..?. .. %#.
... .. ....
####.#...
#.o...# ..
#g#)###....
#@go.......
#####w###..>.
w.###<..._#
..
≈≈.......?###
≈≈........#
≈≈.....g..#
≈≈........#
≈≈....#...#
##..g.#...#


You could see a worm, an orc priest, a gnoll, an orc and a hobgoblin.

Vanquished Creatures
  2 adders (D:2)
  An orc (D:3)
  2 giant cockroaches
  4 goblins (D:2)
  3 hobgoblins
  5 kobolds (D:1)
  6 bats
  3 frilled lizards
  6 rats
32 creatures vanquished.

Notes
Turn   | Place    | Note
-------+----------+-------------------------------------------
     0 | D:1      | greprep the Minotaur Fighter began the quest for the Orb.
     0 | D:1      | Reached XP level 1. HP: 19/19 MP: 0/0
   215 | D:1      | Reached XP level 2. HP: 27/27 MP: 1/1
   968 | D:2      | Reached XP level 3. HP: 30/33 MP: 2/2
  1615 | D:3      | Found a burning altar of Makhleb.
  1631 | D:3      | Killed from afar by an orc priest

Skill      XL: |  1  2  3 |
---------------+----------+-----
Shields        | 4 |  4.1
Long Blades    | 3 |  3.4
Armour         | 4 |  4.1
Fighting       | |  3.9
Dodging        | |  0.7

Action                   || total
-------------------------++-------
Melee: Long sword        ||    80
       Headbutt          ||     9
  Use: Potion            ||     1
  Eat: Chunk             ||     2
Armor: Scale mail        ||    35
Dodge: Dodged            ||    28
Block: Shield            ||    38
       Rpst.: Long sword ||     6
